 Dungeon Crawl Stone Soup version 0.28.0 (webtiles) character file.

Game seed: 16627927161362412693

93 Arcadio the Sneak (level 4, 0/39 HPs)
             Began as a Naga Hedge Wizard on Feb 10, 2022.
             Slain by a hobgoblin (2 damage)
             ... led by Robin
             ... on level 2 of the Dungeon.
             The game lasted 00:14:04 (2672 turns).

Arcadio the Sneak (Naga Hedge Wizard)               Turns: 2672, Time: 00:14:04

Health: 0/39       AC:  3    Str: 13    XL:     4   Next: 61%
Magic:  2/9        EV:  9    Int: 16    God:
Gold:   48         SH:  0    Dex: 10    Spells: 2/10 levels left

rFire   . . .      SeeInvis +   l - +8 spear "Acarinebane" {freeze, rElec Will+ rCorr SInv}
rCold   . . .      Faith    .   (no shield)
rNeg    . . .      Spirit   .   b - +0 robe
rPois   +          Reflect  .   c - +0 hat
rElec   +          Harm     .   (no cloak)
rCorr   +          Rampage  .   g - +0 pair of gloves
Will    +....                   (no barding)
Stlth   ++........              (no amulet)
HPRegen 0.13/turn               i - ring of wizardry
MPRegen 0.11/turn               (no ring)

@: on blink cooldown, very slow
A: AC +1, large, see invisible, deformed body, poison resistance, slowness 2,
spit poison 1, naga tail 1
a: Spit Poison


You were on level 2 of the Dungeon.
You visited 1 branch of the dungeon, and saw 2 of its levels.

You collected 111 gold pieces.
You spent 63 gold pieces at shops.

Inventory:

Hand Weapons
 a - a +0 dagger
 l - the +8 spear "Acarinebane" (weapon) {freeze, rElec Will+ rCorr SInv}
   (You found it on level 2 of the Dungeon)

   It freezes those it strikes, dealing additional cold damage.
   It can also slow down cold-blooded creatures.
   rElec:     It insulates you from electricity.
   SInv:      It lets you see invisible.
   rCorr:     It protects you from acid and corrosion.
   Will:      It increases your willpower.
Armour
 b - a +0 robe (worn)
 c - a +0 hat (worn)
 g - a +0 pair of gloves (worn)
Jewellery
 i - a ring of wizardry (left hand)
Wands
 m - a wand of polymorph (4)
Scrolls
 d - 2 scrolls of teleportation {unknown}
 e - 2 scrolls of magic mapping
 f - a scroll of brand weapon {unknown}
Potions
 h - a potion of attraction {unknown}
 j - a potion of resistance {unknown}
 k - a potion of mutation {unknown}


   Skills:
 + Level 1.8 Fighting
 - Level 1.5 Dodging
 + Level 4.5 Stealth
 + Level 3.5 Spellcasting
 + Level 2.1 Conjurations
 - Level 1.0 Summonings
 - Level 1.0 Translocations


You had 2 spell levels left.
You knew the following spells:

 Your Spells              Type           Power      Damage    Failure   Level
a - Magic Dart            Conj           36%        1d4       3%          1
b - Blink                 Tloc           12%        N/A       8%          2
c - Call Imp              Summ           6%         N/A       8%          2
d - Mephitic Cloud        Conj/Pois/Air  5%         N/A       16%         3

Your spell library contained the following spells:

 Spells                   Type           Power      Damage    Failure   Level
 Slow                     Hex            8%         N/A       8%          1
 Conjure Flame            Conj/Fire      6%         6-21      14%         3


Dungeon Overview and Level Annotations

Branches:
Dungeon (2/15)

Altars:

Shops:
D:1 [   D:2 (


Innate Abilities, Weirdness & Mutations

Your serpentine skin is tough. (AC +1)
You have supernaturally acute eyesight. (SInv)
Armour fits poorly on your strangely shaped body.
Your system is resistant to poisons. (rPois)
You cover ground very slowly.
You can spit poison.
You have a snake-like lower body.


Message History

The goblin shoots a stone.
The stone hits you.
You barely miss Robin.
Robin is almost dead.
Your crimson imp closely misses the goblin.
Robin roars a battlecry!
The goblins go into a battle-frenzy!
Your crimson imp hits the goblin.
You barely miss Robin.
Robin is almost dead.
Your crimson imp disappears in a puff of smoke!
Robin throws the goblin at you!
A hobgoblin comes into view.
You puncture Robin! You freeze Robin.
You kill Robin!
The goblin hits you with a +0 dagger.
The goblin unwields a +0 hunting sling.
The goblin wields a +0 club.
The goblin hits you with a +0 club.
You hit the goblin. You freeze the goblin.
You kill the goblin!
The goblin hits you but does no damage.
You closely miss the goblin. The goblin hits you with a +0 dagger.
The hobgoblin completely misses you. The hobgoblin hits you.
You barely miss the hobgoblin. The goblin closely misses you.
The hobgoblin closely misses you.
You closely miss the hobgoblin. The hobgoblin hits you.
The goblin closely misses you. The hobgoblin hits you.
* * * LOW HITPOINT WARNING * * *
You closely miss the hobgoblin. The hobgoblin closely misses you.
The goblin hits you with a +0 dagger.
* * * LOW HITPOINT WARNING * * *
The hobgoblin completely misses you.
Casting: Magic Dart (safe; 3% risk of failure)
Confirm with . or Enter, or press ? or * to list all spells.
You blink.
The goblin hits you with a +0 club.
* * * LOW HITPOINT WARNING * * *
You hit the goblin. You freeze the goblin.
You kill the goblin!
You hit the hobgoblin. You freeze the hobgoblin.
You kill the hobgoblin!
You barely miss the hobgoblin. The hobgoblin hits you.
You die...

.<.#...... .......#..
##.###.... ### ##.# #..
... ...# . #.. ##.###
#.# ...... #)# ######
##+# #.# ##...## #@# #
##..)..## #g# ##
##.......###g# .#
.####.........##.#.g.##
....+.........')))......
.####.........####...###
## #.......## ..## #
##..)..## ## ##...##


You could see a hobgoblin and a goblin (strong).

Vanquished Creatures
  Robin (D:2)
  2 adders (D:2)
  2 dart slugs (D:1)
  5 ball pythons
  2 endoplasms (D:1)
  5 giant cockroaches
  10 goblins
  3 hobgoblins
  3 jackals (D:1)
  9 kobolds (D:1)
  3 quokkas (D:1)
  5 bats
  3 rats (D:1)
53 creatures vanquished.

Notes
Turn   | Place    | Note
-------+----------+-------------------------------------------
     0 | D:1      | Arcadio the Naga Hedge Wizard began the quest for the Orb.
     0 | D:1      | Reached XP level 1. HP: 15/15 MP: 4/4
   302 | D:1      | Reached XP level 2. HP: 24/24 MP: 4/6
   587 | D:1      | Reached skill level 1 in Fighting
   890 | D:1      | Reached XP level 3. HP: 31/31 MP: 7/7
  1025 | D:1      | HP: 1/31 [kobold (1)]
  1460 | D:1      | Found Wanykuof's Armour Shop.
  1465 | D:1      | Bought a +0 pair of gloves for 63 gold pieces
  1495 | D:1      | Reached skill level 4 in Stealth
  1529 | D:1      | Learned a level 2 spell: Blink
  1836 | D:1      | Found a faded altar of an unknown god.
  2140 | D:2      | Learned a level 2 spell: Call Imp
  2144 | D:2      | Learned a level 3 spell: Mephitic Cloud
  2240 | D:2      | Found Pippaqecs's Weapon Shop.
  2414 | D:2      | Reached XP level 4. HP: 38/38 MP: 0/9
  2530 | D:2      | Identified the +8 spear "Acarinebane" {freeze, rElec Will+
                  | rCorr SInv}
  2642 | D:2      | Noticed Robin
  2663 | D:2      | Killed Robin
  2672 | D:2      | Slain by a hobgoblin

Illustrated notes

Levels and vault maps discovered:
D:1:      saegor_arrival_fortress, layout_loops_ring, serial_shops, shop,
          shapermc_ecumenical_altar_mp_urbaneastern, dk_noncrumbling_3,
          serial_bayou_pond_d
D:2:      layout_loops_corners, serial_shops, shop,
          amcnicky_mini_corridor_feature, uniq_robin

Skill      XL: |  1  2  3  4 |
---------------+-------------+-----
Fighting       | 1 |  1.8
Stealth        | 4 |  4.5
Conjurations   | 2 |  2.1
Dodging        | |  1.5
Spellcasting   | |  3.5
Summonings     | |  1.0
Translocations | |  1.0

Action                   |  1- 3 |  4- 6 || total
-------------------------+-------+-------++-------
Melee: Dagger            |    51 |       ||    51
       Punch             |     2 |       ||     2
       Spear             |       |    17 ||    17
 Cast: Magic Dart        |    87 |    11 ||    98
       Call Imp          |     2 |     1 ||     3
       Blink             |       |     1 ||     1
 Abil: Spit Poison       |    17 |     1 ||    18
  Use: Scroll            |     2 |       ||     2
       Potion            |     1 |       ||     1
Armor: Robe              |    17 |     5 ||    22
Dodge: Dodged            |    57 |     8 ||    65
